 Dungeon Crawl Stone Soup version 0.22.1-1-ga44c0e56f4 (webtiles) character file.

746 Revguard the Ruffian (level 7, -2/65 HPs)
             Began as a Troll Gladiator on Nov 5, 2018.
             Slain by Divine's ghost (11 damage)
             ... on level 4 of the Dungeon.
             The game lasted 00:14:33 (3133 turns).

Revguard the Ruffian (Troll Gladiator)              Turns: 3133, Time: 00:14:33

Health: -2/65      AC:  8    Str: 23    XL:     7   Next: 48%
Magic:  6/6        EV: 12    Int:  4    God:
Gold:   139        SH:  0    Dex: 13    Spells: 6/6 levels left

rFire    . . .     SeeInvis .     - Unarmed
rCold    + . .     Gourm    +   (no shield)
rNeg     . . .     Faith    .   e - +0 robe (curse)
rPois    .         Spirit   .   b - +1 hat
rElec    .         Reflect  .   (no cloak)
rCorr    .         Harm     .   (gloves unavailable)
MR       .....     Rnd*Tele +   (boots unavailable)
Stlth    +.........             l - amulet of the acrobat
HPRegen  0.60/turn              f - ring of teleportation (curse)
MPRegen  0.10/turn              o - ring of protection from cold

@: no status effects
A: large, unfitting armour, claws 3, icy blue scales 1, blink, fast metabolism
3, gourmand, mutation resistance 1, regeneration 1, screaming 1, shaggy fur 1,
tough skin 2
a: Blink


You were on level 4 of the Dungeon.
You were hungry.

You visited 1 branch of the dungeon, and saw 4 of its levels.
You also visited: Ossuary.

You collected 139 gold pieces.

Inventory:

Missiles
 c - 3 throwing nets (quivered)
Armour
 a - a +0 robe
 b - a +1 hat (worn)
 e - a cursed +0 robe (worn)
Jewellery
 f - a cursed ring of teleportation (left claw)
 i - an uncursed ring of ice {unknown}
 l - an amulet of the acrobat (around neck)
 m - an uncursed ring of fire
 o - a ring of protection from cold (right claw)
Scrolls
 h - 2 scrolls of noise
 k - a scroll of enchant armour
 n - 2 scrolls of teleportation
 r - 3 scrolls of random uselessness
 t - 2 scrolls of identify
Potions
 g - 4 potions of flight
 j - 6 potions of degeneration
 p - a potion of brilliance
 q - a potion of haste
Comestibles
 d - 6 rations


   Skills:
 + Level 2.2 Fighting
 - Level 1.7 Throwing
 + Level 4.3 Dodging
 + Level 7.4 Unarmed Combat


You had 6 spell levels left.
You didn't know any spells.
Your spell library was empty.

Dungeon Overview and Level Annotations

Branches:
Dungeon (4/15)
 Temple: D:4-7

Altars:

Annotations:
D:4 1 transporter, Divine's ghost, novice HOFi


Innate Abilities, Weirdness & Mutations

You are too large for most types of armour.
You have claws for hands.
Your metabolism is lightning-fast.
You like to eat raw meat.
Your natural rate of healing is unusually fast.
You are covered in fur. (AC +1)
You have very tough skin. (AC +2)
You are partially covered in icy blue scales. (AC +2)
You can translocate small distances at will.
You are somewhat resistant to further mutation.
You occasionally shout uncontrollably at your foes.


Message History

You barely miss Divine's ghost.
Divine's ghost is severely damaged.
Divine's ghost completely misses you.
The quokka skeleton bites you but does no damage.
You scratch Divine's ghost.
Divine's ghost is severely damaged.
Divine's ghost closely misses you. The quokka skeleton closely misses you.
You scratch Divine's ghost.
Divine's ghost is severely damaged.
Divine's ghost hits you!
The quokka skeleton bites you but does no damage.
You barely miss Divine's ghost.
Divine's ghost is severely damaged.
Divine's ghost hits you!
* * * LOW HITPOINT WARNING * * *
The quokka skeleton barely misses you.
You closely miss Divine's ghost.
Divine's ghost is severely damaged.
Divine's ghost hits you!
You die...

.....## #####.....########...##
.##...###.......©...........##
.###...##.#############....##
.###....#.#©..........#...##
...##.....#.....(.....#..##
....#.....#..##...##..#...#######
..........#..#8...8#..#..........
..........#..##ZW.##..#..........
..........#.....@.....#.....#####
..........#..##...##..#.....##
......###.#..#8...8#..#......##
......# #.#..##...##..#.......#
......# #.#..........!#.......#
.###### #.#.[..[)%....#......<# #
.## #.#############......####
..## #.......©............# #.
#..# ##...................###.


You could see Divine's ghost and a quokka skeleton.

Vanquished Creatures
  Sigmund (D:3)
  An elf zombie (Ossuary)
  A scorpion (D:4)
  A wyvern skeleton (D:4)
  2 human zombies (Ossuary)
  An orc wizard (D:4)
  2 orc priests
  A worker ant (D:4)
  A big kobold zombie (Ossuary)
  2 mummies (Ossuary)
  3 gnolls (D:4)
  5 adders
  An ooze (D:2)
  An adder skeleton (D:4)
  3 adder zombies (Ossuary)
  3 worms
  3 leopard geckos
  10 orcs
  3 ball pythons
  4 bats (D:1)
  2 giant cockroaches
  5 goblins
  17 hobgoblins
  4 kobolds
  5 frilled lizards
  A goblin zombie (Ossuary)
  10 hobgoblin zombies (Ossuary)
  A jackal zombie (Ossuary)
  6 kobold zombies (Ossuary)
  11 orc zombies (Ossuary)
  A quokka skeleton (D:4)
  8 rats
120 creatures vanquished.

Notes
Turn   | Place    | Note
-------+----------+-------------------------------------------
     0 | D:1      | Revguard the Troll Gladiator began the quest for the Orb.
     0 | D:1      | Reached XP level 1. HP: 19/19 MP: 0/0
   179 | D:1      | Reached XP level 2. HP: 27/27 MP: 1/1
   716 | D:2      | Reached XP level 3. HP: 29/35 MP: 2/2
   897 | D:2      | Reached skill level 4 in Unarmed Combat
  1138 | D:3      | Reached XP level 4. HP: 38/42 MP: 3/3
  1281 | D:3      | Reached XP level 5. HP: 49/49 MP: 4/4
  1493 | D:3      | Noticed Sigmund
  1509 | D:3      | Killed Sigmund
  1509 | D:3      | Reached skill level 5 in Unarmed Combat
  1509 | D:3      | Reached XP level 6. HP: 23/57 MP: 5/5
  1657 | D:4      | Found a transporter.
  1659 | D:4      | Found a transporter.
  1678 | D:4      | Found a sand-covered staircase.
  1683 | Ossuary  | Entered an ossuary
  1819 | Ossuary  | Reached skill level 6 in Unarmed Combat
  1993 | Ossuary  | Gained mutation: Armour fits poorly on your strangely
                  | shaped body. [potion of mutation]
  1993 | Ossuary  | Gained mutation: You are frail. (-10% HP) [potion of
                  | mutation]
  1993 | Ossuary  | Gained mutation: You are partially covered in icy blue
                  | scales. (AC +2) [potion of mutation]
  1993 | Ossuary  | Gained mutation: You can translocate small distances at
                  | will. [potion of mutation]
  2051 | D:4      | Noticed Divine's ghost (novice HOFi)
  2099 | D:4      | Reached XP level 7. HP: 58/58 MP: 6/6
  2277 | D:4      | Reached skill level 7 in Unarmed Combat
  2840 | D:4      | Lost mutation: You are frail. (-10% HP) [potion of
                  | mutation]
  2840 | D:4      | Lost mutation: Armour fits poorly on your strangely shaped
                  | body. [potion of mutation]
  2840 | D:4      | Gained mutation: You occasionally shout uncontrollably at
                  | your foes. [potion of mutation]
  2840 | D:4      | Gained mutation: You are somewhat resistant to further
                  | mutation. [potion of mutation]
  3133 | D:4      | Slain by Divine's ghost

Skill      XL: |  1  2  3  4  5  6  7 |
---------------+----------------------+-----
Dodging        | 3 4 |  4.3
Unarmed Combat | 4 5 6 7 |  7.4
Fighting       | 2 |  2.2
Throwing       | |  1.7

Action                   |  1- 3 |  4- 6 |  7- 9 || total
-------------------------+-------+-------+-------++-------
Melee: Unarmed           |   102 |   168 |    64 ||   334
       Punch             |       |     4 |     1 ||     5
Throw: Throwing net      |       |       |     2 ||     2
  Use: Scroll            |       |     8 |     3 ||    11
       Potion            |       |     8 |     1 ||     9
  Eat: Chunk             |    16 |     2 |     4 ||    22
       Ration            |       |       |     1 ||     1
Armor: Robe              |    35 |    27 |    21 ||    83
       Skin              |       |    44 |       ||    44
Dodge: Dodged            |    76 |    97 |    54 ||   227
